ProzacElf, neutral female gnomish Ranger ----- --------- |<..--- ------.......-- |.....---|.........--..| --..|....|.---------|..| --.|-.....---- ---- --|.........|--- ----.|....|..- ...- -----..|....|..M@.- ------ |..|.......:...u |%%%!| --......--..... |..%.| #....... h x ---|--.-x..... G ------...-...-|... r .... |..|-.........|..-- | |..-.............%. @ ----.....{....----. ...........-- ---.........| .. --..------- .. ---- ProzacElf the Trailblazer Experience level: 7 Strength: 18 Dexterity: 11 Constitution: 16 Intelligence: 13 Wisdom: 14 Charisma: 7 Health: 0(41) Energy: 49(49) Def: 3 Gold: 39 Moves: 6015 Dungeon seed: DRWS-OSP97h_0FQk Game ID: ProzacElf_1448102128 Your Inventory: Coins $ - 39 gold pieces Weapons a - a +1 dagger (weapon in hand) b - a blessed +1 crossbow (alternate weapon; not wielded) c - 48 blessed +2 crossbow bolts (in quiver) k - a +0 knife B - a +0 orcish dagger G - 30 +0 crossbow bolts T - a blessed +2 orcish dagger Armor e - an uncursed +2 cloak of displacement (being worn) n - a cursed +0 orcish helm q - an uncursed +1 orcish helm N - an uncursed +0 orcish cloak O - an uncursed +0 dwarvish cloak Y - an uncursed +0 pair of iron shoes Comestibles h - an uncursed lichen corpse i - an uncursed apple K - an uncursed cram ration L - 2 uncursed food rations M - an uncursed lembas wafer Scrolls g - an uncursed scroll of charging Potions Z - an uncursed potion of paralysis Rings v - an uncursed ring of aggravate monster U - an uncursed ring of searching Wands y - a wand of striking (0:8) Tools d - an uncursed skeleton key D - a can of grease (0:23) E - an uncursed bag of holding V - an uncursed sack W - 2 uncursed tallow candles (0:200) Gems j - an uncursed worthless piece of black glass r - 2 uncursed worthless pieces of yellowish brown glass z - an uncursed worthless piece of orange glass R - 2 uncursed worthless pieces of green glass S - an uncursed luckstone Contents of the bag of holding: an uncursed scroll of blank paper 2 uncursed scrolls of identify a cursed scroll of identify a blessed scroll of stinking cloud named 113 2 uncursed scrolls of teleportation an uncursed spellbook of detect unseen an uncursed spellbook of fireball an uncursed spellbook of magic missile an uncursed potion of enlightenment an uncursed potion of hallucination an uncursed potion of healing 2 uncursed potions of invisibility a blessed potion of paralysis an uncursed potion of speed an uncursed potion of water Spells and supernatural/magical abilities: Name Level Category Fail Memory W - pray for help -- divine ? -- Your skills at the end: Fighting Skills Weapon Skills dagger [Skilled] crossbow [Basic] Spellcasting Skills Final Attributes: You were piously aligned. You were telepathic. You had automatic searching. You had infravision. You were displaced. You were stealthy. You were lucky. You had extra luck. Bad luck did not time out for you. Good luck did not time out for you. You are dead. Vanquished creatures: 2 large mimics 3 small mimics an iron piercer a dog a blue jelly a bugbear an imp 4 Uruk-hai a rock piercer a rock mole a fog cloud a yellow light 3 shriekers 3 elf zombies a giant ant 2 little dogs a floating eye 2 kittens a homunculus 3 kobold lords 2 orc zombies a dwarf zombie a wererat 2 killer bees an acid blob a coyote 2 hobbits a hobgoblin 3 giant rats 2 cave spiders a yellow mold a green mold a red mold a gnome 5 geckos 3 jackals 2 foxes 4 kobolds 3 goblins 11 grid bugs a bat 5 lichens a kobold zombie 7 newts 96 creatures vanquished. Voluntary challenges: You were an atheist. You used a wielded weapon 120 times, starting on turn 2. You were illiterate. You never genocided any monsters. You never polymorphed an object. You never changed form. You used no wishes. You never split a pudding. You never wrote Elbereth's name. You never violated your personal moral code. Dungeon overview: The Dungeons of Doom: levels 1 to 5 Level 1 a sink a long staircase Level 2 a delicatessen, an altar to Mercury Level 3 a general store Level 4 a potion shop, a fountain stairs to The Gnomish Mines Level 5 a general store, a fountain The Gnomish Mines: levels 5 to 7 Level 5 stairs to The Dungeons of Doom Level 6 Level 7 <- You were here a delicatessen, a fountain History has recorded: On T:1 you entered the Dungeons of Doom to retrieve the Amulet of Yendor! On T:656 you advanced to experience level 2. On T:765 you reached level 2 of The Dungeons of Doom. On T:1089 you advanced to experience level 3. On T:1163 you reached level 3 of The Dungeons of Doom. On T:1766 you advanced to experience level 4. On T:1817 you reached level 4 of The Dungeons of Doom. On T:2577 you advanced to experience level 5. On T:2667 you reached level 5 of The Dungeons of Doom. On T:3359 you advanced to experience level 6. On T:4027 you reached level 1 of The Gnomish Mines. On T:4966 you reached level 2 of The Gnomish Mines. On T:5510 you reached level 3 of The Gnomish Mines. On T:5752 you advanced to experience level 7. Score breakdown: Gold: 39 ( 5449 points) Experience: 7 levels (13645 points) Exploration: 7 levels ( 13.46%) (10289 points) Discoveries: 5 items ( 1.67%) ( 3879 points) Valuables value: (no points given unless you survive) Artifact value: 0 ( 0 points) Variety of kills: 44 monsters ( 11.55%) (10194 points) Turncount: 6015 turns (-1627 points) Survival: died (score multiplied by 80%) Total score: 33463 Latest messages: You put a potion called 100 into the bag. You put a potion called 50 into the bag. You put a potion called 38 into the bag. You put 2 potions called 75 into the bag. You put a potion called 150 into the bag. You put a potion called 75 into the bag. You put a clear potion into the bag. You hit the iguana! The human mummy hits! You die... The sack is empty. The sack is empty. Final status: Goodbye ProzacElf the Ranger, killed by a human mummy... You died in The Gnomish Mines on dungeon level 7 with 33463 points, and 39 pieces of gold, after 6015 moves. You were level 7 with a maximum of 41 hit points when you died.